MLB
HOUSTON ASTROS @ KANSAS CITY ROYALS
03/06/2024
 
TOP OF THE 1ST
Houston Astros batting - Pitching for Kansas City Royals : LHP Blake Snell
Pitching: LHP Blake Snell
Batting: RHB Gabe Rich 0-0: SINGLE (Groundball, 25, EV 61.9 MPH) (infield hit)
Batting: RHB Jose Altuve 0-0: Sac Bunt to 13S - play at first, batter OUT! 1-3
Gabe Rich to second
Batting: RHB Alex Bregman 0-0: Ball
1-0: Ball
2-0: Swinging Strike
2-1: Called Strike
2-2: Ball
3-2: 2-RUN HOME RUN (Flyball, 78XD, EV 98.1 MPH), Distance : 393 ft
Batting: LHB Kyle Tucker 0-0: Ball
1-0: Called Strike
1-1: Ball
2-1: Called Strike
2-2: Ball
3-2: Foul Ball, location: 2F
3-2: Strikes out swinging
Batting: RHB Carlos Correa 0-0: Ball
1-0: Fly out, F7 (Flyball, 7S, EV 91.2 MPH)
Top of the 1st over - 2 runs, 2 hits, 0 errors, 0 left on base; Houston 2 - Kansas City 0
BOTTOM OF THE 1ST
Kansas City Royals batting - Pitching for Houston Astros : RHP Cristian Javier
Pitching: RHP Cristian Javier
Batting: LHB Tony Whitely 0-0: Called Strike
0-1: Ball
1-1: Swinging Strike
1-2: Strikes out looking
Batting: RHB Brewer Hicklen 0-0: Ball
1-0: Swinging Strike
1-1: Swinging Strike
1-2: Foul Ball, location: 2F
1-2: Ball
2-2: Ball
3-2: Foul Ball, location: 2F
3-2: Foul Ball, location: 2F
3-2: Ground out 6-3 (Groundball, 6, EV 103.1 MPH)
Batting: RHB Trea Turner 0-0: Foul Ball, location: 2F
0-1: Called Strike
0-2: Foul Ball, location: 2F
0-2: Ball
1-2: Ball
2-2: Strikes out swinging
Bottom of the 1st over - 0 runs, 0 hits, 0 errors, 0 left on base; Houston 2 - Kansas City 0
TOP OF THE 2ND
Houston Astros batting - Pitching for Kansas City Royals : LHP Blake Snell
Batting: LHB Cavan Biggio 0-0: Foul Ball, location: 2F
0-1: Ball
1-1: Foul Ball, location: 2F
1-2: Foul Ball, location: 2F
1-2: Ball
2-2: Ball
3-2: Base on Balls
Batting: RHB Jared Huffman 0-0: Called Strike
0-1: Ball
1-1: Called Strike
1-2: Ball
2-2: Strikes out looking
Batting: RHB Mike Zunino 0-0: Ball
1-0: Foul Ball, location: 2F
1-1: SINGLE (Groundball, 3D, EV 106.2 MPH)
Cavan Biggio to second
Runner from 2nd tries for 3rd, OUT! 9-5
Batting: RHB Dan Ruppe 0-0: Ball
1-0: Foul Ball, location: 2F
1-1: Foul Ball, location: 2F
1-2: Fielders Choice at 2nd, 6-4 (Groundball, 6, EV 102.5 MPH)
Top of the 2nd over - 0 runs, 1 hit, 0 errors, 1 left on base; Houston 2 - Kansas City 0
BOTTOM OF THE 2ND
Kansas City Royals batting - Pitching for Houston Astros : RHP Cristian Javier
Batting: LHB Shohei Ohtani 0-0: Foul Ball, location: 2F
0-1: Fly out, F8 (Line Drive, 8LM, EV 93.1 MPH)
Batting: SHB Abraham Toro 0-0: Ball
1-0: Called Strike
1-1: Fly out, F8 (Flyball, 89D, EV 86.9 MPH)
Batting: RHB Paul DeJong 0-0: Ball
1-0: Ball
2-0: Ball
3-0: Base on Balls
Batting: RHB Alejandro Kirk 0-0: Ball
1-0: Ball
2-0: Ball
3-0: Base on Balls
Paul DeJong to second
Batting: RHB Omar Hernandez 0-0: Called Strike
0-1: Fielders Choice at 2nd, 5-4 (Groundball, 56, EV 84.4 MPH)
Bottom of the 2nd over - 0 runs, 0 hits, 0 errors, 2 left on base; Houston 2 - Kansas City 0
TOP OF THE 3RD
Houston Astros batting - Pitching for Kansas City Royals : LHP Blake Snell
Batting: RHB Gabe Rich 0-0: Ball
1-0: Ball
2-0: Called Strike
2-1: Ball
3-1: Base on Balls
Batting: RHB Jose Altuve 0-0: Called Strike
0-1: Swinging Strike
0-2: Ball
1-2: Ball
2-2: 2-RUN HOME RUN (Flyball, 7D, EV 96.9 MPH), Distance : 357 ft
Batting: RHB Alex Bregman 0-0: Ball
1-0: Called Strike
1-1: Ball
2-1: Ball
3-1: Base on Balls
Batting: LHB Kyle Tucker 0-0: Called Strike
0-1: Foul Ball, location: 2F
0-2: Ball
1-2: Ball
2-2: Strikes out swinging
Batting: RHB Carlos Correa 0-0: Ball
1-0: Grounds into double play, 5-4-3 (Groundball, 56, EV 100.6 MPH)
Top of the 3rd over - 2 runs, 1 hit, 0 errors, 0 left on base; Houston 4 - Kansas City 0
BOTTOM OF THE 3RD
Kansas City Royals batting - Pitching for Houston Astros : RHP Cristian Javier
Batting: RHB Josh Donaldson 0-0: Ball
1-0: Ground out 4-3 (Groundball, 4, EV 96.9 MPH)
Batting: LHB Tony Whitely 0-0: Called Strike
0-1: Fly out, F3 (Line Drive, 3, EV 65.6 MPH)
Batting: RHB Brewer Hicklen 0-0: Called Strike
0-1: Ball
1-1: Fly out, F8 (Flyball, 8RD, EV 103.1 MPH)
Bottom of the 3rd over - 0 runs, 0 hits, 0 errors, 0 left on base; Houston 4 - Kansas City 0
TOP OF THE 4TH
Houston Astros batting - Pitching for Kansas City Royals : LHP Blake Snell
Batting: LHB Cavan Biggio 0-0: Foul Ball, location: 2F
0-1: Ball
1-1: Swinging Strike
1-2: Strikes out swinging
Batting: RHB Jared Huffman 0-0: Called Strike
0-1: Ball
1-1: SOLO HOME RUN (Flyball, 7LD, EV 96.9 MPH), Distance : 348 ft
Pitching: RHP Ronald Bolanos
Batting: RHB Mike Zunino 0-0: Called Strike
0-1: Swinging Strike
0-2: Fly out, F8 (Line Drive, 8LD, EV 87.5 MPH)
Batting: RHB Dan Ruppe 0-0: Ball
1-0: Foul Ball, location: 2F
1-1: Ball
2-1: Swinging Strike
2-2: Foul Ball, location: 2F
2-2: Ball
3-2: Fly out, F8 (Line Drive, 8RD, EV 83.8 MPH)
Top of the 4th over - 1 run, 1 hit, 0 errors, 0 left on base; Houston 5 - Kansas City 0
BOTTOM OF THE 4TH
Kansas City Royals batting - Pitching for Houston Astros : RHP Cristian Javier
Batting: RHB Trea Turner 0-0: Ball
1-0: Called Strike
1-1: Swinging Strike
1-2: Strikes out swinging
Batting: LHB Shohei Ohtani 0-0: Ball
1-0: Called Strike
1-1: Ball
2-1: Swinging Strike
2-2: Strikes out swinging
Batting: SHB Abraham Toro 0-0: Ball
1-0: Called Strike
1-1: Swinging Strike
1-2: Foul Ball, location: 2F
1-2: Fly out, F9 (Flyball, 89S, EV 88.1 MPH)
Bottom of the 4th over - 0 runs, 0 hits, 0 errors, 0 left on base; Houston 5 - Kansas City 0
TOP OF THE 5TH
Houston Astros batting - Pitching for Kansas City Royals : RHP Ronald Bolanos
Batting: RHB Gabe Rich 0-0: Foul Ball, location: 2F
0-1: Swinging Strike
0-2: Foul Ball, location: 2F
0-2: Ball
1-2: Ball
2-2: Ball
3-2: Foul Ball, location: 2F
3-2: Strikes out swinging
Batting: RHB Jose Altuve 0-0: Called Strike
0-1: Ball
1-1: Ball
2-1: Ball
3-1: SOLO HOME RUN (Line Drive, 7D, EV 96.2 MPH), Distance : 357 ft
Batting: RHB Alex Bregman 0-0: Called Strike
0-1: Called Strike
0-2: Ground out 6-3 (Groundball, 6, EV 86.2 MPH)
Batting: LHB Kyle Tucker 0-0: Ball
1-0: Called Strike
1-1: Ball
2-1: Swinging Strike
2-2: Strikes out swinging
Top of the 5th over - 1 run, 1 hit, 0 errors, 0 left on base; Houston 6 - Kansas City 0
BOTTOM OF THE 5TH
Kansas City Royals batting - Pitching for Houston Astros : RHP Cristian Javier
Pitching: RHP Mike Sage
Batting: RHB Paul DeJong 0-0: Swinging Strike
0-1: Foul Ball, location: 2F
0-2: Ball
1-2: Strikes out swinging
Batting: RHB Alejandro Kirk 0-0: Called Strike
0-1: Swinging Strike
0-2: Fly out, F8 (Flyball, 8LS, EV 81.9 MPH)
Batting: RHB Omar Hernandez 0-0: Ball
1-0: Ground out 3-1 (Groundball, 34, EV 104.4 MPH)
Bottom of the 5th over - 0 runs, 0 hits, 0 errors, 0 left on base; Houston 6 - Kansas City 0
TOP OF THE 6TH
Houston Astros batting - Pitching for Kansas City Royals : RHP Ronald Bolanos
Pitching: RHP Grant Gambrell
Batting: RHB Carlos Correa 0-0: Called Strike
0-1: Ball
1-1: Ball
2-1: Swinging Strike
2-2: Ball
3-2: Foul Ball, location: 2F
3-2: Foul Ball, location: 2F
3-2: Foul Ball, location: 2F
3-2: Base on Balls
Batting: LHB Cavan Biggio 0-0: Ball
1-0: Fly out, F4 (Line Drive, 4, EV 71.9 MPH)
Batting: RHB Jared Huffman 0-0: Ball
1-0: Ball
2-0: Foul Ball, location: 2F
2-1: SINGLE (Line Drive, 34D, EV 105.0 MPH)
Carlos Correa to second
Batting: RHB Mike Zunino 0-0: Called Strike
0-1: Swinging Strike
0-2: Strikes out swinging
Batting: RHB Dan Ruppe 0-0: Swinging Strike
0-1: Foul Ball, location: 2F
0-2: Strikes out swinging
Top of the 6th over - 0 runs, 1 hit, 0 errors, 2 left on base; Houston 6 - Kansas City 0
BOTTOM OF THE 6TH
Kansas City Royals batting - Pitching for Houston Astros : RHP Mike Sage
Batting: RHB Josh Donaldson 0-0: Foul Ball, location: 2F
0-1: Called Strike
0-2: Ball
1-2: Ball
2-2: Ball
3-2: Foul Ball, location: 2F
3-2: Base on Balls
Batting: LHB Tony Whitely 0-0: Fly out, F6 (Popup, P, EV 80.0 MPH)
Batting: RHB Brewer Hicklen 0-0: Ball
1-0: Swinging Strike
1-1: Foul Ball, location: 2F
1-2: Foul Ball, location: 2F
1-2: Ball
2-2: Strikes out swinging
Batting: RHB Trea Turner 0-0: Ball
1-0: SINGLE (Groundball, 6MD, EV 106.9 MPH)
Josh Donaldson to second
Batting: LHB Shohei Ohtani 0-0: Called Strike
0-1: Called Strike
0-2: Ball
1-2: Fielders Choice at 2nd, 6-4 (Groundball, 6, EV 87.5 MPH)
Bottom of the 6th over - 0 runs, 1 hit, 0 errors, 2 left on base; Houston 6 - Kansas City 0
TOP OF THE 7TH
Houston Astros batting - Pitching for Kansas City Royals : RHP Grant Gambrell
Pinch Hitting: LHB Yordan Alvarez 0-0: Ball
1-0: Ball
2-0: Ground out U3 (Groundball, 34, EV 85.0 MPH)
Batting: LHB Danny Vecino 0-0: Called Strike
0-1: Foul Ball, location: 2F
0-2: Ball
1-2: Fly out, F8 (Flyball, 8RS, EV 85.0 MPH)
Pinch Hitting: LHB Eric Norwood 0-0: Swinging Strike
0-1: Ball
1-1: Foul Ball, location: 2F
1-2: Ground out 5-3 (Groundball, 56, EV 107.5 MPH)
Top of the 7th over - 0 runs, 0 hits, 0 errors, 0 left on base; Houston 6 - Kansas City 0
BOTTOM OF THE 7TH
Kansas City Royals batting - Pitching for Houston Astros : RHP Mike Sage
Now at 2B: Eric Norwood
Now at 3B: Cavan Biggio
Now in LF: Yordan Alvarez
Batting: SHB Abraham Toro 0-0: SINGLE (Line Drive, 34D, EV 110.0 MPH)
Batting: RHB Paul DeJong 0-0: Called Strike
0-1: Fly out, F8 (Line Drive, 78M, EV 93.1 MPH)
Batting: RHB Alejandro Kirk 0-0: Called Strike
0-1: Ball
1-1: SINGLE (Flyball, 3D, EV 98.1 MPH)
Abraham Toro to second
Runner from 2nd tries for 3rd, OUT! 9-5
Batting: RHB Omar Hernandez 0-0: Called Strike
0-1: Ball
1-1: Foul Ball, location: 2F
1-2: Foul Ball, location: 2F
1-2: Strikes out swinging
Bottom of the 7th over - 0 runs, 2 hits, 0 errors, 1 left on base; Houston 6 - Kansas City 0
TOP OF THE 8TH
Houston Astros batting - Pitching for Kansas City Royals : RHP Grant Gambrell
Pitching: RHP Scott Barlow
Pinch Hitting: LHB Jonatan Clase 0-0: Ball
1-0: Swinging Strike
1-1: Ball
2-1: Ball
3-1: Called Strike
3-2: Base on Balls
Batting: RHB Carlos Correa 0-0: Ball
1-0: Called Strike
1-1: Ball
2-1: Ball
3-1: Swinging Strike
3-2: Base on Balls
Jonatan Clase to second
Pinch Hitting: SHB Jose Ramirez 0-0: Ball
1-0: Called Strike
1-1: Ball
2-1: Ball
3-1: Called Strike
3-2: SINGLE (Groundball, 4MD, EV 104.4 MPH)
Jonatan Clase to third
Carlos Correa to second
Runner from 3rd tries for Home, throw by CF and OUT! 8-2
Now in CF: Ricky Santillan
Batting: RHB Jared Huffman 0-0: Ball
1-0: Swinging Strike
1-1: Foul Ball, location: 2F
1-2: Ball
2-2: Strikes out swinging
Batting: RHB Mike Zunino 0-0: Ball
1-0: Ground out 2-3 (Groundball, 2R, EV 65.6 MPH)
Top of the 8th over - 0 runs, 1 hit, 0 errors, 2 left on base; Houston 6 - Kansas City 0
BOTTOM OF THE 8TH
Kansas City Royals batting - Pitching for Houston Astros : RHP Mike Sage
Pitching: RHP Leo Sarria
Now at 3B: Jose Ramirez
Now in RF: Jonatan Clase
Batting: RHB Josh Donaldson 0-0: Foul Ball, location: 2F
0-1: Ball
1-1: Swinging Strike
1-2: Ground out 3-1 (Groundball, 34S, EV 81.2 MPH)
Batting: RHB Ricky Santillan 0-0: Ground out 4-3 (Groundball, 4, EV 89.4 MPH)
Pinch Hitting: SHB Bryan Reynolds 0-0: Ball
1-0: Swinging Strike
1-1: Fly out, F8 (Flyball, 8LD, EV 91.9 MPH)
Bottom of the 8th over - 0 runs, 0 hits, 0 errors, 0 left on base; Houston 6 - Kansas City 0
TOP OF THE 9TH
Houston Astros batting - Pitching for Kansas City Royals : RHP Scott Barlow
Now in LF: Bryan Reynolds
Batting: RHB Dan Ruppe 0-0: Swinging Strike
0-1: Swinging Strike
0-2: Strikes out looking
Batting: LHB Yordan Alvarez 0-0: Ground out 4-3 (Groundball, 34, EV 88.8 MPH)
Batting: LHB Danny Vecino 0-0: Foul Ball, location: 2F
0-1: Ball
1-1: Ball
2-1: Ball
3-1: Base on Balls
Pitching: RHP Carlos Hernandez
Batting: LHB Eric Norwood 0-0: Called Strike
0-1: Ball
1-1: Foul Ball, location: 2F
1-2: Ground out 4-3 (Groundball, 4, EV 85.0 MPH)
Top of the 9th over - 0 runs, 0 hits, 0 errors, 1 left on base; Houston 6 - Kansas City 0
BOTTOM OF THE 9TH
Kansas City Royals batting - Pitching for Houston Astros : RHP Leo Sarria
Batting: RHB Trea Turner 0-0: Ball
1-0: Fly out, F7 (Flyball, 7LS, EV 84.4 MPH)
Batting: LHB Shohei Ohtani 0-0: Called Strike
0-1: Called Strike
0-2: Ball
1-2: Strikes out swinging
Batting: SHB Abraham Toro 0-0: Ball
1-0: Called Strike
1-1: Ball
2-1: Ball
3-1: Fly out, F8 (Line Drive, 8RM, EV 99.4 MPH)
Bottom of the 9th over - 0 runs, 0 hits, 0 errors, 0 left on base; Houston 6 - Kansas City 0
Saturday, June 11th , 2022 - OOTP Baseball 22.12 Build 89